Map: Romanticide LE

Players

Hellraiser

  • Race: Protoss Protoss

GunGFuBanDa - Winner!

  • Race: Protoss Protoss

Event: DreamHack SC2 Masters 2021 Winter

VOD

Have the link to the VOD?

Description

Time

  • Played on: Oct. 3, 2021, 11:03 a.m.
  • Length: 17:56

All games in this series

Show
View Real Time Build Order
Export as new Build Order

Hellraiser Protoss 

Build Orders: Oracle Opening, Carriers 

Get SALT Encoding   

  12  0:00  Probe  
  13  0:12  Probe  
  14  0:17  Pylon  
  14  0:24  Probe (Chrono Boost)  
  15  0:36  Gateway, Probe (Chrono Boost)  
  16  0:44  Probe (Chrono Boost)  
  16  0:46  Assimilator  
  17  0:51  Probe  
  17  0:55  Assimilator  
  18  1:03  Probe (Chrono Boost)  
  19  1:09  Gateway  
  19  1:12  Probe (Chrono Boost)  
  19  1:17  Probe (Chrono Boost)  
  20  1:25  Cybernetics Core  
  21  1:29  Probe  
  22  1:37  Pylon  
  22  1:43  Probe  
  23  1:55  Probe  
  23  2:01  Stalker x2  
  28  2:02  Warp Gate  
  28  2:12  Pylon  
  28  2:22  Probe  
  29  2:25  Shield Battery  
  29  2:34  Probe  
  30  2:40  Stargate  
  30  2:54  Nexus  
  30  2:58  Shield Battery  
  30  3:01  Probe  
  31  3:09  Shield Battery  
  31  3:13  Probe  
  32  3:22  Pylon, Oracle (Chrono Boost)  
  35  3:28  Probe  
  36  3:46  Void Ray, Probe  
  37  3:50  Robotics Facility  
  37  3:53  Shield Battery  
  41  3:58  Probe (Chrono Boost)  
  41  4:00  Adept  
  44  4:06  Probe (Chrono Boost)  
  46  4:10  Probe (Chrono Boost)  
  46  4:15  Probe (Chrono Boost)  
  47  4:17  Probe (Chrono Boost)  
  47  4:20  Shield Battery, Probe (Chrono Boost)  
  48  4:25  Probe  
  48  4:26  Void Ray (Chrono Boost)  
  49  4:32  Probe  
  49  4:37  Probe  
  53  4:38  Observer  
  53  4:42  Assimilator  
  53  4:44  Assimilator, Probe  
  54  4:49  Probe  
  55  4:54  Pylon  
  55  4:56  Void Ray, Probe  
  56  5:01  Probe  
  61  5:08  Probe  
  61  5:10  Immortal (Chrono Boost)  
  61  5:13  Probe  
  67  5:21  Probe  
  68  5:27  Nexus  
  68  5:28  Probe  
  69  5:32  Pylon  
  69  5:37  Stargate  
  69  5:44  Forge  
  69  5:51  Stalker  
  69  5:52  Stalker  
  73  5:58  Immortal (Chrono Boost)  
  73  6:02  Probe  
  73  6:03  Void Ray (Chrono Boost)  
  78  6:13  Shield Battery  
  78  6:20  Pylon  
  78  6:23  Pylon  
  78  6:25  Probe  
  78  6:29  Void Ray (Chrono Boost)  
  78  6:37  Pylon  
  78  6:38  Probe x2  
  78  6:39  Adept  
  86  6:40  Probe  
  87  6:50  Probe x2  
  87  6:52  Void Ray (Chrono Boost), Probe  
  94  6:57  Protoss Air Weapons Level 1  
  94  7:02  Void Ray (Chrono Boost), Probe x2  
  94  7:03  Assimilator  
  94  7:04  Assimilator  
  94  7:07  Probe  
  101  7:14  Probe  
  102  7:17  Probe  
  102  7:19  Probe  
  102  7:23  Void Ray (Chrono Boost)  
  102  7:26  Probe  
  102  7:29  Probe  
  106  7:30  Stargate  
  106  7:31  Probe  
  107  7:38  Void Ray (Chrono Boost), Probe  
  107  7:40  Photon Cannon  
  107  7:41  Photon Cannon  
  107  7:42  Shield Battery  
  112  7:49  Pylon  
  112  7:50  Pylon  
  112  7:54  Shield Battery  
  112  7:55  Void Ray (Chrono Boost)  
  116  8:00  Observer (Chrono Boost)  
  116  8:05  Void Ray  
  117  8:09  Pylon  
  117  8:11  Void Ray (Chrono Boost), Photon Cannon  
  124  8:22  Fleet Beacon  
  124  8:28  Pylon, Probe  
  124  8:30  Photon Cannon  
  124  8:32  Void Ray (Chrono Boost)  
  125  8:34  Photon Cannon  
  125  8:35  Sentry  
  131  8:42  Void Ray (Chrono Boost)  
  131  8:45  Void Ray (Chrono Boost)  
  134  8:59  Pylon  
  134  9:11  Flux Vanes  
  134  9:13  Photon Cannon  
  134  9:17  Shield Battery  
  134  9:18  Void Ray (Chrono Boost)  
  134  9:20  Void Ray (Chrono Boost)  
  134  9:21  Photon Cannon x2  
  133  9:25  Photon Cannon  
  133  9:26  Protoss Air Weapons Level 2 (Chrono Boost), Shield Battery  
  141  9:36  Void Ray (Chrono Boost)  
  145  9:42  Probe  
  145  9:45  Pylon  
  146  9:47  Pylon  
  146  9:59  Photon Cannon x2  
  146  10:01  Pylon  
  146  10:03  Void Ray (Chrono Boost)  
  150  10:10  Observer  
  150  10:11  Void Ray (Chrono Boost), Nexus  
  147  10:21  Void Ray (Chrono Boost)  
  151  10:36  Shield Battery  
  151  10:38  Photon Cannon  
  151  10:39  Shield Battery  
  151  10:41  Void Ray (Chrono Boost)  
  151  10:43  Void Ray (Chrono Boost)  
  127  10:53  Probe x2  
  127  10:56  Photon Cannon  
  133  11:00  Void Ray (Chrono Boost)  
  129  11:06  Void Ray (Chrono Boost)  
  129  11:10  Void Ray (Chrono Boost)  
  133  11:12  Pylon  
  133  11:16  Probe x2  
  139  11:25  Void Ray  
  137  11:30  Probe x2  
  141  11:33  Probe x2  
  143  11:42  Assimilator, Void Ray (Chrono Boost), Probe  
  143  11:43  Probe  
  143  11:45  Assimilator, Probe x2  
  151  11:47  Photon Cannon  
  151  11:49  Photon Cannon  
  151  11:50  Photon Cannon  
  151  11:51  Shield Battery  
  151  11:53  Pylon  
  151  11:58  Pylon, Protoss Air Weapons Level 3  
  155  12:12  Carrier (Chrono Boost)  
  161  12:19  Pylon  
  161  12:28  Photon Cannon  
  161  12:29  Photon Cannon  
  169  12:30  Pylon  
  169  12:31  Carrier (Chrono Boost)  
  169  12:32  Pylon  
  169  12:34  Shield Battery, Carrier (Chrono Boost)  
  169  12:37  Mothership (Chrono Boost)  
  177  12:45  Pylon  
  177  12:59  Pylon  
  177  13:00  Shield Battery  
  177  13:05  Pylon  
  183  13:06  Carrier (Chrono Boost)  
  183  13:10  Pylon, Robotics Bay  
  183  13:11  Pylon  
  183  13:18  Carrier (Chrono Boost)  
  189  13:21  Photon Cannon  
  173  13:51  Carrier (Chrono Boost)  
  173  13:57  Stargate  
  173  13:58  Carrier (Chrono Boost)  
  173  14:01  Stargate  
  174  14:08  Disruptor (Chrono Boost)  
  171  14:17  Carrier (Chrono Boost)  
  158  14:42  Probe x2  
  158  14:43  Probe  
  168  14:45  Carrier (Chrono Boost)  
  168  14:48  Carrier (Chrono Boost)  
  168  14:57  Carrier (Chrono Boost)  
  168  14:58  Carrier (Chrono Boost)  
  180  15:01  Disruptor  
  180  15:15  Forge  
  180  15:18  Pylon  
  180  15:19  Pylon  
  180  15:23  Pylon  
  179  15:35  Pylon x2, Carrier (Chrono Boost)  
  179  15:36  Pylon  
  179  15:39  Carrier (Chrono Boost)  
  191  16:09  Observer  
  191  16:10  Nexus  
  192  16:11  Carrier (Chrono Boost)  
  164  16:35  Void Ray (Chrono Boost)  
  164  16:38  Observer  
  160  16:56  Zealot x2  
  160  17:00  Void Ray  
Show
View Real Time Build Order
Export as new Build Order

GunGFuBanDa Protoss - Winner!

Build Orders:  

Get SALT Encoding   

  12  0:00  Probe  
  13  0:12  Probe  
  14  0:17  Pylon  
  14  0:24  Probe (Chrono Boost)  
  15  0:37  Probe (Chrono Boost)  
  15  0:38  Gateway  
  16  0:45  Probe (Chrono Boost)  
  16  0:46  Assimilator  
  17  0:51  Probe  
  17  0:55  Assimilator  
  18  1:03  Probe (Chrono Boost)  
  19  1:08  Gateway  
  19  1:13  Probe (Chrono Boost)  
  19  1:18  Probe  
  21  1:26  Cybernetics Core  
  21  1:30  Probe  
  22  1:35  Pylon  
  22  1:42  Probe  
  23  1:54  Probe  
  24  2:02  Warp Gate  
  24  2:03  Adept x2  
  28  2:11  Probe  
  28  2:14  Pylon  
  29  2:33  Sentry x2  
  33  2:43  Nexus  
  32  2:47  Shield Battery  
  32  2:53  Probe  
  33  3:00  Sentry, Stalker  
  37  3:08  Pylon  
  37  3:12  Probe  
  38  3:19  Twilight Council  
  38  3:25  Probe (Chrono Boost)  
  40  3:34  Probe (Chrono Boost)  
  40  3:39  Probe (Chrono Boost)  
  41  3:50  Forge  
  41  3:51  Probe (Chrono Boost)  
  42  3:59  Probe (Chrono Boost)  
  42  4:02  Blink (Chrono Boost)  
  43  4:06  Stalker x2  
  47  4:12  Probe  
  47  4:14  Probe  
  49  4:24  Probe  
  49  4:29  Protoss Ground Weapons Level 1 (Chrono Boost)  
  39  4:37  Probe (Chrono Boost)  
  41  4:41  Probe (Chrono Boost)  
  42  4:46  Probe (Chrono Boost)  
  42  4:50  Probe (Chrono Boost), Stalker x2  
  42  4:51  Probe (Chrono Boost)  
  48  5:00  Probe  
  48  5:06  Probe  
  50  5:11  Stalker x2  
  50  5:12  Stalker x2  
  50  5:14  Nexus  
  50  5:18  Probe (Chrono Boost)  
  50  5:19  Probe (Chrono Boost)  
  52  5:24  Stalker  
  55  5:29  Probe (Chrono Boost), Stalker  
  55  5:33  Probe x2 (Chrono Boost)  
  59  5:43  Probe  
  59  5:44  Probe  
  59  5:49  Assimilator  
  61  5:50  Pylon  
  61  5:55  Probe  
  62  5:57  Probe  
  59  6:05  Pylon  
  59  6:09  Probe (Chrono Boost)  
  59  6:12  Gateway, Probe (Chrono Boost)  
  59  6:14  Gateway  
  60  6:18  Probe (Chrono Boost)  
  60  6:20  Robotics Facility  
  60  6:21  Probe (Chrono Boost)  
  60  6:23  Probe (Chrono Boost)  
  61  6:26  Probe  
  61  6:31  Probe  
  61  6:32  Gateway  
  64  6:35  Probe, Stalker x2  
  64  6:39  Probe  
  70  6:41  Pylon  
  70  6:42  Protoss Ground Weapons Level 2 (Chrono Boost)  
  70  6:43  Probe  
  70  6:44  Photon Cannon  
  72  6:56  Probe x2 (Chrono Boost)  
  72  7:01  Probe (Chrono Boost)  
  74  7:03  Photon Cannon  
  74  7:06  Probe (Chrono Boost), Charge  
  74  7:07  Observer  
  78  7:08  Probe (Chrono Boost)  
  78  7:10  Probe (Chrono Boost)  
  78  7:11  Probe (Chrono Boost)  
  79  7:17  Probe  
  79  7:20  Probe  
  79  7:22  Probe  
  79  7:25  Stalker x4  
  79  7:29  Probe  
  87  7:32  Probe  
  87  7:33  Gateway  
  87  7:34  Gateway, Probe  
  89  7:37  Shield Battery, Observer  
  89  7:41  Observer, Probe  
  91  7:44  Probe  
  91  7:45  Assimilator  
  91  7:46  Assimilator  
  91  7:47  Pylon  
  92  7:52  Pylon  
  92  7:54  Probe x2  
  94  7:59  Observer  
  94  8:05  Stalker  
  94  8:06  Stalker x4  
  104  8:17  Templar Archives  
  104  8:20  Gateway  
  104  8:22  Nexus  
  104  8:24  Pylon  
  104  8:31  Stalker x4  
  112  8:39  Stalker x2  
  116  8:43  Pylon  
  116  8:45  Pylon  
  116  8:54  Stargate  
  115  8:57  Pylon  
  115  9:14  Stalker x4  
  115  9:15  Stalker x3  
  129  9:21  Protoss Ground Weapons Level 3 (Chrono Boost)  
  129  9:23  Observer (Chrono Boost)  
  130  9:31  Pylon  
  130  9:32  Probe  
  130  9:33  Probe x2  
  130  9:36  Warp Prism (Chrono Boost)  
  130  9:37  Probe  
  136  9:42  Pylon  
  136  9:45  Probe x2  
  138  9:46  Assimilator  
  138  9:59  High Templar  
  140  10:00  High Templar  
  140  10:02  Photon Cannon  
  140  10:03  Archon  
  140  10:04  Shield Battery  
  140  10:05  Gateway  
  140  10:06  Shield Battery  
  137  10:21  Stalker x5  
  133  10:22  Shield Battery  
  133  10:24  Shield Battery  
  133  10:33  Assimilator  
  133  10:34  Stalker x2  
  135  10:37  Pylon  
  135  10:40  Gateway  
  135  10:41  Gateway  
  135  10:42  Gateway  
  119  10:53  Stalker  
  119  10:54  Stalker x4  
  129  10:58  Stalker x2  
  129  10:59  Shield Battery  
  129  11:03  Pylon  
  133  11:05  Pylon  
  133  11:06  Pylon, Warp Prism  
  133  11:31  Stalker x3  
  133  11:32  Stalker x5  
  149  11:42  Probe  
  149  11:43  Protoss Shields Level 1 (Chrono Boost), Probe x2  
  149  11:45  Nexus  
  152  11:48  Probe  
  152  11:51  Forge  
  152  11:53  Stalker x3  
  159  11:54  Gateway  
  159  11:55  Zealot x2  
  159  11:56  Zealot  
  165  12:12  High Templar x2, Protoss Ground Armor Level 1 (Chrono Boost)  
  165  12:13  High Templar x2  
  165  12:14  High Templar  
  175  12:16  High Templar, Zealot  
  175  12:17  Zealot x3  
  175  12:18  Archon x2  
  175  12:20  Pylon  
  175  12:21  Archon  
  183  12:26  Gateway  
  183  12:27  Gateway  
  183  12:36  Photon Cannon  
  183  12:39  Dark Shrine  
  183  12:43  Pylon  
  173  13:00  Stalker x11  
  195  13:06  Observer (Chrono Boost)  
  195  13:11  Oracle  
  199  13:16  Gateway  
  199  13:22  Probe  
  200  13:32  Photon Cannon  
  184  13:43  Stalker x6  
  184  13:44  Stalker x2  
  173  14:25  Protoss Shields Level 2 (Chrono Boost)  
  173  14:27  Stalker x10  
  173  14:28  Stalker x2  
  177  14:53  Stalker x7  
  177  14:54  Stalker x4  
  199  15:01  Observer  
  198  15:09  Assimilator  
  198  15:12  Protoss Ground Armor Level 2 (Chrono Boost)  
  198  15:17  Nexus  
  198  15:22  Assimilator  
  194  15:40  Pylon  
  188  15:55  Shadow Stride  
  188  16:08  Stalker x5  
  188  16:09  Stalker  
  199  16:20  Nexus  
  199  16:22  Pylon  
  197  16:30  Stalker x2  
  197  16:31  Stalker x7  
  188  17:02  Stalker x6  
  188  17:06  Unknown  
  148  17:26  Stalker x2  
  148  17:27  Stalker x12  
  129  17:55  Stalker x13  
  129  17:56  Stalker  

Tags
 
Add a new tag
Caveats
  • Supply blocks, unpowered buildings, or Contaminate may cause inaccurate times.
  • Supply counts are checked every 10 seconds.